 Dungeon Crawl Stone Soup version 0.25-a0-109-ge9c0e85935 (webtiles) character file.

Game seed: 76226277188510390, levelgen mode: deterministic

239 Leeroy the Slasher (level 5, -6/45 HPs)
             Began as a Draconian Skald on Nov 18, 2019.
             Mangled by an iguana (7 damage)
             ... on level 5 of the Dungeon.
             The game lasted 00:09:22 (3879 turns).

Leeroy the Slasher (Draconian Skald)                Turns: 3879, Time: 00:09:23

Health: -6/45      AC:  5    Str: 14    XL:     5   Next: 79%
Magic:  8/8        EV: 13    Int: 13    God:
Gold:   237        SH:  0    Dex: 11    Spells: 4/8 levels left

rFire    . . .     SeeInvis .   t - +3 long sword
rCold    . . .     Gourm    .   (no shield)
rNeg     . . .     Faith    .   (armour unavailable)
rPois    .         Spirit   .   (helmet restricted)
rElec    .         Reflect  .   (no cloak)
rCorr    .         Harm     .   (no gloves)
MR       .....                  (no boots)
Stlth    +.........             (no amulet)
HPRegen  0.15/turn              (no ring)
MPRegen  0.11/turn              (no ring)

@: confused, flying, hasted, very quick
A: unfitting armour, cold-blooded, AC +5
a: no special abilities


You were on level 5 of the Dungeon.
You were hungry.

You visited 1 branch of the dungeon, and saw 5 of its levels.

You collected 237 gold pieces.

Inventory:

Hand Weapons
 a - a +0 falchion
 b - a +0 dagger
 g - a +0 hand axe
 m - a +0 club
 o - a +0 dagger
 r - a +0 trident
 t - a +3 long sword (weapon)
Missiles
 d - 107 stones (quivered)
Armour
 n - a +0 shield
Scrolls
 e - 3 scrolls of identify {unknown}
 f - a scroll of noise {unknown}
 i - a scroll of immolation {unknown}
 j - 6 scrolls of remove curse {unknown}
 p - 2 scrolls of blinking {unknown}
 q - a scroll of fog {unknown}
 s - a scroll of enchant armour {unknown}
Potions
 k - a potion of flight
 l - a potion of haste
Comestibles
 c - 5 rations


   Skills:
 - Level 3.0 Fighting
 - Level 5.0 Long Blades
 - Level 3.0 Dodging
 - Level 2.0 Spellcasting
 + Level 1.3 Hexes
 - Level 2.6 Charms


You had 4 spell levels left.
You knew the following spells:

 Your Spells              Type           Power        Failure   Level  Hunger
a - Infusion              Chrm           #...         9%          1    ##.....
b - Spectral Weapon       Hex/Chrm       #.......     32%         3    ####...

Your spell library contained the following spells:

 Spells                   Type           Power        Failure   Level  Hunger
 Song of Slaying          Chrm           #.......     13%         2    ###....
 Shroud of Golubria       Chrm/Tloc      #.....       22%         2    ###....
 Regeneration             Chrm/Necr      #.........   41%         3    ####...


Dungeon Overview and Level Annotations

Branches:
Dungeon (5/15)
 Temple: D:4-7

Altars:

Shops:
D:4 [

Annotations:
D:3 3 runed translucent doors, forest's ghost, amateur SpAs


Innate Abilities, Weirdness & Mutations

Your plain brown scales are hard. (AC +5)
You cannot fit into any form of body armour.
You are cold-blooded and may be slowed by cold attacks.


Message History

It was a potion of haste.
You feel yourself speed up.
The orc wizard gestures at you while chanting.
You are more confused.
The orc completely misses you. The crimson imp hits you.
* * * LOW HITPOINT WARNING * * *
The iguana bites you!
* * * LOW HITPOINT WARNING * * *
The orc misses you.
You're too confused!
You aren't carrying any pieces of jewellery.
Okay, then.
You hit the orc.
The orc is almost dead.
The orc wizard closely misses you. The orc closely misses you.
The iguana misses you.
The crimson imp blinks!
You barely miss the orc. The orc closely misses you.
The orc wizard hits you with a +0 dagger.
* * * LOW HITPOINT WARNING * * *
You miss the orc wizard. The orc closely misses you. The iguana bites you!
You die...

#####†..# #......
#.#.#.# #......
#...#.#
..%....####.#...#
#(.....#...#.###
#.....#.###.#
#.....#.# #.#
#...oo#.# #.#
#..o@..# #.#
##.#l#.# .#
#..5..# #..#..5
#..#.#..
#......##
##>#.##< #. ># .#


You could see an iguana, an orc wizard, a crimson imp and 2 orcs.

Vanquished Creatures
  A hound (D:4)
  An orc wizard (D:3)
  5 adders
  An ooze (D:2)
  2 worms (D:2)
  5 dart slugs
  A leopard gecko (D:1)
  8 orcs
  4 ball pythons
  11 bats
  2 giant cockroaches
  18 hobgoblins
  8 jackals
  3 quokkas
  7 frilled lizards
  6 goblins
  12 kobolds
  6 rats
101 creatures vanquished.

Notes
Turn   | Place    | Note
-------+----------+-------------------------------------------
     0 | D:1      | Leeroy the Draconian Skald began the quest for the Orb.
     0 | D:1      | Reached XP level 1. HP: 17/17 MP: 3/3
    92 | D:1      | Reached XP level 2. HP: 20/24 MP: 5/5
   106 | D:1      | Reached skill level 3 in Long Blades
   254 | D:1      | Reached XP level 3. HP: 14/29 MP: 6/6
   958 | D:2      | Reached skill level 4 in Long Blades
  1300 | D:2      | Learned a level 3 spell: Spectral Weapon
  1393 | D:2      | Reached XP level 4. HP: 22/36 MP: 0/7
  2278 | D:3      | Reached skill level 5 in Long Blades
  2720 | D:3      | Reached XP level 5. HP: 15/42 MP: 8/8
  2917 | D:3      | Found a runed translucent gate.
  2917 | D:3      | Found a runed translucent gate.
  2917 | D:3      | Noticed forest's ghost (amateur SpAs)
  3199 | D:3      | Found a runed translucent gate.
  3609 | D:4      | Found Wemoelenopo's Antique Armour Shop.
  3737 | D:4      | Reached skill level 1 in Hexes
  3838 | D:4      | Noticed a sky beast
  3841 | D:5      | Entered Level 5 of the Dungeon
  3878 | D:5      | HP: 1/45 [orc wizard/+0 dagger (2)]
  3879 | D:5      | Mangled by an iguana

Levels and vault maps discovered:
D:1:      dpeg_arrival_radiant, layout_rooms, serial_glass, glass_columns_b,
          glass_columns_a
D:2:      layout_basic
D:3:      layout_basic, first_ration, ebering_ghost_rock_garden
D:4:      layout_loops_ring, temple_fountains, serial_shops,
          kennysheep_little_box, gammafunk_ghost_nasty_kobolds,
          dk_rats_in_the_wall
D:5:      layout_basic, basic_altar

Skill      XL: |  1  2  3  4  5 |
---------------+----------------+-----
Long Blades    | 3 4 5 |  5.0
Fighting       | 3 |  3.0
Dodging        | 3 |  3.0
Hexes          | 1 |  1.3
Spellcasting   | |  2.0
Charms         | |  2.6

Action                   |  1- 3 |  4- 6 || total
-------------------------+-------+-------++-------
Melee: Falchion          |   144 |   133 ||   277
       Tailslap          |    13 |    27 ||    40
       Long sword        |       |    45 ||    45
 Cast: Spectral Weapon   |     1 |     1 ||     2
       Infusion          |     1 |       ||     1
  Use: Potion            |       |     4 ||     4
 Stab: Sleeping          |       |     1 ||     1
  Eat: Chunk             |     2 |     8 ||    10
Armor: Skin              |    57 |    41 ||    98
Dodge: Dodged            |   118 |   152 ||   270
       Rpst.: Falchion   |    35 |    31 ||    66
       Long sword        |       |    10 ||    10

Table legend:
 A = Non-vault XP
 B = Vault XP
 C = Vault XP percentage of total XP
 D = Non-vault monster count
 E = Vault monster count
 F = Vault count percentage of total count
                 A         B        C        D         E       F
            +---------+---------+-------+---------+---------+-------
      Total |     342 |       0 |   0.0 |     101 |       0 |   0.0
            +---------+---------+-------+---------+---------+-------
        D:1 |      58 |       0 |   0.0 |      34 |       0 |   0.0
        D:2 |     103 |       0 |   0.0 |      33 |       0 |   0.0
        D:3 |     127 |       0 |   0.0 |      29 |       0 |   0.0
        D:4 |      52 |       0 |   0.0 |       4 |       0 |   0.0
        D:5 |       2 |       0 |   0.0 |       1 |       0 |   0.0
            +---------+---------+-------+---------+---------+-------
